[Event "November 21 Early 2023"]
[Site "https://www.chess.com"]
[Date "2023.11.21"]
[Round "1"]
[White "Nakamura, Hikaru"]
[Black "Graca, Robert"]
[Result "1-0"]
[Board "1"]
[TimeControl "180+1"]
[WhiteFideId "2016192"]
[BlackFideId "644943"]
[WhiteElo "2874"]
[BlackElo "2204"]
[WhiteTeam "USA"]
[BlackTeam "FRA"]
[WhiteClock "0:00:50"]
[BlackClock "0:00:03"]

1. Nf3 Nf6 2. h4 b6 3. h5 Bb7 4. d3 h6 5. e4 e6 6. e5 Nd5 7. g3 Nc6 8. Bg2 d6 9. exd6 Bxd6 10. Nbd2 O-O 11. O-O a5 12. Nc4 Be7 13. Re1 Bf6 14. Nh2 b5 15. Ne3 Nxe3 16. Bxe3 Bd4 17. c3 Bxe3 18. Rxe3 Qg5 19. d4 Rfd8 20. a3 b4 21. cxb4 axb4 22. Rc1 Rxd4 23. Qe1 Rd6 24. axb4 Qxh5 25. Rec3 Nd8 26. Bxb7 Nxb7 27. Rxc7 Qb5 28. Qe4 Rb8 29. Nf3 g6 30. Qf4 Qf5 31. Rxb7 Qxf4 32. Rxb8+ 1-0

[Event "November 21 Early 2023"]
[Site "https://www.chess.com"]
[Date "2023.11.21"]
[Round "1"]
[White "Mihailidis, Anastasios"]
[Black "Carlsen, Magnus"]
[Result "0-1"]
[Board "2"]
[TimeControl "180+1"]
[WhiteFideId "4205588"]
[BlackFideId "1503014"]
[WhiteElo "2312"]
[BlackElo "2887"]
[WhiteTeam "GRE"]
[BlackTeam "NOR"]
[WhiteClock "0:00:14"]
[BlackClock "0:02:21"]

1. e4 a6 2. d4 h6 3. Nf3 Nf6 4. Bd3 c5 5. c3 cxd4 6. cxd4 Nc6 7. d5 Nb4 8. a3 Nxd3+ 9. Qxd3 d6 10. Nc3 g6 11. h3 Bg7 12. Be3 O-O 13. O-O Bd7 14. Rac1 Rc8 15. Rfd1 Re8 16. Bd4 Qa5 17. Ne2 Bb5 18. Qe3 Bxe2 19. Qxe2 Qb5 20. Qxb5 axb5 21. Nd2 Rxc1 22. Rxc1 Nxe4 23. Bxg7 Nxd2 24. Bxh6 Nc4 25. b3 Nxa3 26. Rc7 b4 27. Rxb7 Nb1 28. Rxb4 Nc3 29. Rb7 Nxd5 30. b4 Ra8 31. b5 Ra1+ 32. Kh2 Rb1 33. Bg5 f6 34. Bh4 Kf7 35. Bg3 Ke6 36. Rb8 Nc3 37. b6 g5 38. f4 gxf4 39. Bxf4 Nd5 40. Bg3 Rxb6 41. Rxb6 Nxb6 42. Bf2 Nc4 43. Kg3 Kf5 44. Bd4 e5 45. Bc3 d5 46. Kf3 d4 47. g4+ Ke6 48. Be1 Kd5 49. h4 e4+ 50. Kf4 d3 51. h5 e3 52. h6 d2 53. Bxd2 exd2 54. h7 Ne5 55. h8=Q Ng6+ 56. Kf5 Nxh8 0-1

[Event "November 21 Early 2023"]
[Site "https://www.chess.com"]
[Date "2023.11.21"]
[Round "1"]
[White "Martinez Alcantara, Jose Eduardo"]
[Black "Zubarev, Alexander"]
[Result "0-1"]
[Board "3"]
[TimeControl "180+1"]
[WhiteFideId "3805662"]
[BlackFideId "14104385"]
[WhiteElo "2703"]
[BlackElo "2363"]
[WhiteTeam "PER"]
[BlackTeam "UKR"]
[WhiteClock "0:01:09"]
[BlackClock "0:00:09"]

1. e4 c5 2. Nf3 Nc6 3. c3 Nf6 4. Bd3 d5 5. e5 Ng4 6. Bb5 Qb6 7. Bxc6+ bxc6 8. h3 Nh6 9. d3 g6 10. O-O Bg7 11. c4 Nf5 12. Nc3 dxc4 13. dxc4 Be6 14. Qe2 Nd4 15. Nxd4 cxd4 16. Ne4 O-O 17. Bf4 c5 18. b3 a5 19. Rab1 Rfc8 20. Rfe1 a4 21. Qf3 axb3 22. axb3 Ra3 23. Bg5 Qc7 24. Ra1 Rxa1 25. Rxa1 Bxe5 26. Ra5 Qxa5 27. g4 f6 28. Bf4 Qc7 29. Bd2 Rb8 30. h4 Qc8 31. g5 f5 32. Ng3 Bf7 33. Qe2 Qc7 34. Qd3 Bd6 35. Ne2 e5 36. f3 Qb7 37. Nc1 e4 38. fxe4 fxe4 39. Qh3 e3 40. Be1 Qc8 41. Qf3 Qb7 42. Qh3 Re8 43. Bg3 Bxg3 44. Qxg3 Qe4 45. Ne2 d3 46. Nc3 Qd4 47. Nb5 Qe5 48. Qxe5 Rxe5 49. Kf1 e2+ 0-1

[Event "November 21 Early 2023"]
[Site "https://www.chess.com"]
[Date "2023.11.21"]
[Round "1"]
[White "Herman, Matthew"]
[Black "Erigaisi Arjun"]
[Result "0-1"]
[Board "4"]
[TimeControl "180+1"]
[WhiteFideId "2028964"]
[BlackFideId "35009192"]
[WhiteElo "2368"]
[BlackElo "2729"]
[WhiteTeam "USA"]
[BlackTeam "IND"]
[WhiteClock "0:00:00"]
[BlackClock "0:01:33"]

1. e4 c6 2. d4 d5 3. e5 Bf5 4. h4 h6 5. g4 Be4 6. f3 Bh7 7. e6 Qd6 8. exf7+ Kxf7 9. f4 Be4 10. Nf3 Nd7 11. Bd3 Ngf6 12. Ne5+ Ke8 13. Rg1 c5 14. Ng6 Bxg6 15. Bxg6+ Kd8 16. c3 Rc8 17. Be3 cxd4 18. Qxd4 e5 19. Qxa7 d4 20. cxd4 exf4 21. Bd2 Qe6+ 22. Kd1 Nxg4 23. Bxf4 Qxg6 24. Nd2 Bb4 0-1

[Event "November 21 Early 2023"]
[Site "https://www.chess.com"]
[Date "2023.11.21"]
[Round "1"]
[White "Dubov, Daniil"]
[Black "brm72"]
[Result "1-0"]
[Board "5"]
[TimeControl "180+1"]
[WhiteFideId "24126055"]
[WhiteElo "2767"]
[BlackElo "2523"]
[WhiteTeam "RUS"]
[WhiteClock "0:00:04"]
[BlackClock "0:00:03"]

1. d4 Nf6 2. Nf3 e6 3. c4 b6 4. g3 Bb7 5. Bg2 Be7 6. Nc3 O-O 7. Qc2 d5 8. Bg5 Nbd7 9. O-O h6 10. Bxf6 Bxf6 11. cxd5 exd5 12. e3 c5 13. dxc5 bxc5 14. Rfd1 Nb6 15. Ne4 Rc8 16. Rac1 Qe7 17. Nxc5 Bxb2 18. Qxb2 Rxc5 19. Rxc5 Qxc5 20. Rc1 Qa5 21. Nd4 Rc8 22. Rd1 g6 23. h4 h5 24. Ne2 Qa4 25. Rd2 Ba6 26. Nc3 Qe8 27. Nxd5 Nxd5 28. Bxd5 Qe7 29. Kg2 Rd8 30. e4 Bc8 31. Rd3 Be6 32. Qd4 Bxd5 33. exd5 Rd6 34. Re3 Qd7 35. Re5 a6 36. Qc5 Qd8 37. Qe3 Kf8 38. Qh6+ Kg8 39. Qe3 Kf8 40. Qe4 Qd7 41. a4 a5 42. Qd4 Qd8 43. Qc5 Kg8 44. Qe3 Kf8 45. Qh6+ Kg8 46. Qg5 Qd7 47. Re7 Qd8 48. Qe5 Rxd5 49. Re8+ Kh7 50. Qh8# 1-0

[Event "November 21 Early 2023"]
[Site "https://www.chess.com"]
[Date "2023.11.21"]
[Round "1"]
[White "Kirillov, Dmitry"]
[Black "Andreikin, Dmitry"]
[Result "0-1"]
[Board "6"]
[TimeControl "180+1"]
[WhiteFideId "34180572"]
[BlackFideId "4158814"]
[WhiteElo "2130"]
[BlackElo "2741"]
[WhiteTeam "RUS"]
[BlackTeam "FID"]
[WhiteClock "0:00:36"]
[BlackClock "0:02:06"]

1. d4 Nf6 2. Nf3 e6 3. Bg5 h6 4. Bxf6 Qxf6 5. e4 d6 6. Nc3 a6 7. Bd3 Nd7 8. Qe2 e5 9. Nd5 Qd8 10. dxe5 dxe5 11. O-O-O c6 12. Ne3 Qc7 13. Bc4 b5 14. Bb3 a5 15. Nh4 Nc5 16. c3 a4 17. Bc2 Be6 18. Bb1 g6 19. g3 Be7 20. Nhg2 a3 21. b4 Na4 0-1

[Event "November 21 Early 2023"]
[Site "https://www.chess.com"]
[Date "2023.11.21"]
[Round "1"]
[White "Nihal Sarin"]
[Black "sjoerd893"]
[Result "1-0"]
[Board "7"]
[TimeControl "180+1"]
[WhiteFideId "25092340"]
[WhiteElo "2689"]
[BlackElo "2521"]
[WhiteTeam "IND"]
[WhiteClock "0:01:07"]
[BlackClock "0:00:01"]

1. d4 d5 2. c4 c6 3. Nf3 Nf6 4. e3 e6 5. Nbd2 Nbd7 6. Bd3 Bd6 7. O-O O-O 8. e4 e5 9. cxd5 cxd5 10. exd5 Nxd5 11. Nc4 Bc7 12. dxe5 Nc5 13. Bc2 Nb4 14. Be3 Qxd1 15. Raxd1 Ne6 16. Bb1 b6 17. Be4 Rb8 18. a3 Na6 19. b4 Bb7 20. Bxb7 Rxb7 21. Nd6 Bxd6 22. exd6 Rd8 23. Rd5 f6 24. g4 Rbd7 25. Rfd1 Kf7 26. h4 Ke8 27. g5 Rc8 28. gxf6 gxf6 29. Rf5 Rcd8 30. Rxf6 Rxd6 31. Re1 Ke7 32. Bg5 Kd7 33. Rfxe6 Rxe6 34. Rxe6 Kxe6 35. Bxd8 1-0

[Event "November 21 Early 2023"]
[Site "https://www.chess.com"]
[Date "2023.11.21"]
[Round "1"]
[White "Lazavik, Denis"]
[Black "Ongut, Tamas Gunes"]
[Result "1-0"]
[Board "9"]
[TimeControl "180+1"]
[WhiteFideId "13515110"]
[BlackFideId "770280"]
[WhiteElo "2556"]
[BlackElo "2148"]
[WhiteTeam "BLR"]
[BlackTeam "HUN"]
[WhiteClock "0:00:51"]
[BlackClock "0:00:04"]

1. d4 Nf6 2. c4 g6 3. g3 Bg7 4. Bg2 O-O 5. Nc3 d6 6. Nf3 c5 7. dxc5 dxc5 8. Qxd8 Rxd8 9. Be3 Nc6 10. Bxc5 b6 11. Be3 Nb4 12. Rc1 Bb7 13. a3 Na6 14. O-O Nc5 15. b4 Nce4 16. Nb5 Ng4 17. Bd4 e5 18. Bb2 a6 19. Nc3 Nd6 20. Na4 e4 21. Bxg7 Kxg7 22. Nd2 b5 23. Nc5 e3 24. Nxb7 exd2 25. Nxd6 dxc1=Q 26. Rxc1 Rxd6 27. Bxa8 bxc4 28. Rxc4 Ne5 29. Rc5 Nd7 30. Rd5 1-0

[Event "November 21 Early 2023"]
[Site "https://www.chess.com"]
[Date "2023.11.21"]
[Round "1"]
[White "Novik, Maxim"]
[Black "Le, Quang Liem"]
[Result "0-1"]
[Board "10"]
[TimeControl "180+1"]
[WhiteFideId "4102924"]
[BlackFideId "12401137"]
[WhiteElo "2306"]
[BlackElo "2665"]
[WhiteTeam "LTU"]
[BlackTeam "VIE"]
[WhiteClock "0:00:00"]
[BlackClock "0:01:29"]

1. e4 c6 2. d4 d5 3. Nc3 dxe4 4. Nxe4 Nf6 5. Nxf6+ exf6 6. c3 Bd6 7. Bd3 O-O 8. Ne2 Re8 9. O-O Nd7 10. Bf4 Nf8 11. Qd2 h5 12. Rfe1 h4 13. Bxd6 Qxd6 14. Qf4 Qxf4 15. Nxf4 Bd7 16. Kf1 Ne6 17. Nxe6 Bxe6 18. Re3 g6 19. Rae1 Kg7 20. f4 Red8 21. a3 f5 22. Kf2 Rac8 23. Re5 c5 24. Ke3 cxd4+ 25. cxd4 Bd5 26. Re2 Rc7 27. Rc2 Rcd7 28. Rc5 f6 29. Bb5 fxe5 30. Bxd7 exf4+ 31. Kxf4 Rxd7 32. Ke5 Bxg2 33. d5 Rxd5+ 34. Rxd5 Bxd5 35. Kxd5 Kf6 0-1

[Event "November 21 Early 2023"]
[Site "https://www.chess.com"]
[Date "2023.11.21"]
[Round "1"]
[White "Maghsoodloo, Parham"]
[Black "Erzhanov, Arman"]
[Result "1-0"]
[Board "11"]
[TimeControl "180+1"]
[WhiteFideId "12539929"]
[BlackFideId "4138821"]
[WhiteElo "2660"]
[BlackElo "2171"]
[WhiteTeam "IRI"]
[BlackTeam "KAZ"]
[WhiteClock "0:01:31"]
[BlackClock "0:00:14"]

1. d4 d6 2. c4 e5 3. Nf3 e4 4. Ng1 f5 5. Nc3 Nf6 6. h4 Be7 7. Nh3 O-O 8. Bg5 c6 9. Nf4 Na6 10. e3 Nc7 11. Be2 Ne6 12. d5 Nxf4 13. Bxf4 c5 14. a3 Nd7 15. h5 a6 16. b4 b6 17. Rb1 cxb4 18. axb4 a5 19. Nb5 Rf6 20. bxa5 bxa5 21. Nd4 Ne5 22. c5 dxc5 23. Bxe5 cxd4 24. Qxd4 Bb4+ 25. Kf1 Rf7 26. Rh3 Ba6 27. Bxa6 Rxa6 28. Rg3 Raa7 29. Rc1 h6 30. Rc6 Bf8 31. Rxh6 a4 32. Rhg6 Qc8 33. Kg1 a3 34. h6 a2 35. Qd1 Qc4 36. Kh2 Qd3 37. Qh5 a1=Q 38. hxg7 Bxg7 39. Rxg7+ Rxg7 40. Qe8+ Kh7 41. Rh3# 1-0

[Event "November 21 Early 2023"]
[Site "https://www.chess.com"]
[Date "2023.11.21"]
[Round "1"]
[White "LeoLV10"]
[Black "Sadhwani, Raunak"]
[Result "0-1"]
[Board "12"]
[TimeControl "180+1"]
[BlackFideId "35093487"]
[WhiteElo "2517"]
[BlackElo "2668"]
[BlackTeam "IND"]
[WhiteClock "0:00:08"]
[BlackClock "0:00:58"]

1. e4 d6 2. d4 Nf6 3. Nc3 e5 4. Nf3 Nbd7 5. Bc4 Be7 6. O-O O-O 7. a4 c6 8. a5 Qc7 9. Re1 Rb8 10. d5 Nc5 11. dxc6 bxc6 12. b3 Bg4 13. h3 Bh5 14. Ba3 Nfd7 15. b4 Ne6 16. Rb1 Nf4 17. Bc1 Bf6 18. Bxf4 exf4 19. Qd3 Bxf3 20. Qxf3 Ne5 21. Qe2 Qd7 22. Bd3 f3 23. Qd2 h6 24. Nd1 Bg5 25. Qc3 Qe6 26. Ne3 Qg6 27. Ng4 Nxg4 28. hxg4 Bf6 29. e5 Qxg4 30. g3 Bxe5 31. Qxc6 Rxb4 32. Re4 Rxb1+ 0-1

[Event "November 21 Early 2023"]
[Site "https://www.chess.com"]
[Date "2023.11.21"]
[Round "1"]
[White "Paravyan, David"]
[Black "Olsson, Linus"]
[Result "1-0"]
[Board "13"]
[TimeControl "180+1"]
[WhiteFideId "4194985"]
[BlackFideId "1706098"]
[WhiteElo "2566"]
[BlackElo "2222"]
[WhiteTeam "FID"]
[BlackTeam "SWE"]
[WhiteClock "0:00:33"]
[BlackClock "0:00:09"]

1. d4 Nf6 2. c4 e5 3. dxe5 Ne4 4. a3 b6 5. Nd2 Bb7 6. Nxe4 Bxe4 7. Nh3 Bb7 8. Nf4 Nc6 9. e3 Nxe5 10. Be2 Bd6 11. b3 Qf6 12. Bb2 O-O-O 13. Qd2 h5 14. Nd5 Qg5 15. O-O Ng4 16. f4 Qh4 17. Bxg4 hxg4 18. g3 Qh7 19. a4 Rde8 20. Rf2 Re6 21. a5 Bc5 22. Bd4 Bxd4 23. Qxd4 Rh6 24. Qd2 Rh3 25. Rg2 Qe4 26. a6 Bxd5 27. cxd5 Re8 28. Rc1 Qxe3+ 29. Qxe3 Rxe3 30. Rgc2 Rh5 31. Rxc7+ Kd8 32. d6 Rc5 33. R1xc5 bxc5 34. Rxa7 1-0

[Event "November 21 Early 2023"]
[Site "https://www.chess.com"]
[Date "2023.11.21"]
[Round "1"]
[White "Hajiyev, Kanan"]
[Black "Bortnyk, Olexandr"]
[Result "0-1"]
[Board "14"]
[TimeControl "180+1"]
[WhiteFideId "13404148"]
[BlackFideId "14120828"]
[WhiteElo "2102"]
[BlackElo "2725"]
[WhiteTeam "AZE"]
[BlackTeam "UKR"]
[WhiteClock "0:00:03"]
[BlackClock "0:01:22"]

1. d4 Nf6 2. Nf3 b6 3. g3 Bb7 4. Bg2 g6 5. O-O Bg7 6. b3 O-O 7. Bb2 d5 8. c4 e6 9. Nc3 Na6 10. Ne5 c5 11. e3 Qe7 12. cxd5 exd5 13. Nb5 Rfd8 14. Rc1 Ne4 15. Qe2 Nb4 16. a3 Nc6 17. Nxc6 Bxc6 18. a4 Bxb5 19. axb5 cxd4 20. Bxd4 Bxd4 21. exd4 Qb4 22. Bxe4 dxe4 23. Qxe4 Qxb5 24. Rc7 Qxb3 25. d5 Qxd5 26. Qe7 a5 27. Rb1 a4 28. Rxb6 Re8 29. Qd7 Re1# 0-1

[Event "November 21 Early 2023"]
[Site "https://www.chess.com"]
[Date "2023.11.21"]
[Round "1"]
[White "Demchenko, Anton"]
[Black "Pinto, Daniel"]
[Result "1-0"]
[Board "15"]
[TimeControl "180+1"]
[WhiteFideId "4160258"]
[BlackFideId "3303144"]
[WhiteElo "2545"]
[BlackElo "2149"]
[WhiteTeam "SLO"]
[BlackTeam "BOL"]
[WhiteClock "0:00:13"]
[BlackClock "0:00:00"]

1. e4 e5 2. Nf3 Nc6 3. Bc4 Nf6 4. d3 Bc5 5. Bg5 h6 6. Bh4 Be7 7. Bg3 d6 8. a4 a5 9. h3 Be6 10. Bxe6 fxe6 11. c3 O-O 12. Nbd2 Nh5 13. O-O Nf4 14. Bxf4 Rxf4 15. Qb3 Qd7 16. g3 Rf7 17. Nh2 Raf8 18. Kg2 b6 19. Qb5 Nb8 20. Nc4 Bf6 21. Qxd7 Nxd7 22. b4 d5 23. Na3 axb4 24. cxb4 Be7 25. Nc2 c5 26. b5 c4 27. dxc4 Rc8 28. exd5 exd5 29. Ne3 dxc4 30. Rfc1 Bc5 31. Ra2 Bxe3 32. fxe3 e4 33. Ng4 h5 34. Nf2 Ne5 35. Nxe4 Rf3 36. Nd6 Rc5 37. a5 Rxe3 38. axb6 Nd7 39. b7 Rd5 40. Nxc4 Rb3 41. Ra8+ Kh7 42. b8=Q Nxb8 43. Rxb8 Rdxb5 44. Rxb5 Rxb5 45. Rc2 Rc5 46. Ne3 Ra5 47. Kf3 Rb5 48. Rd2 Rb3 49. h4 Ra3 50. Rd4 g6 51. Kf4 Ra5 52. Nc4 Rb5 53. Ne5 Rb6 54. Nf3 Rf6+ 55. Ke3 Re6+ 56. Re4 Rf6 57. Re7+ Kh6 58. Rd7 Re6+ 59. Kf2 Rf6 60. Kg2 Rb6 61. Ne5 Rb2+ 62. Kh3 Rf2 63. Nf7+ Kg7 64. Ng5+ Kg8 65. Rd3 Kg7 66. Rf3 Rb2 67. Ne6+ Kh6 68. Rf8 Kh7 69. Rf7+ Kh6 70. Rf6 Kh7 71. Nf4 Rf2 72. Nxh5 Rxf6 73. Nxf6+ Kg7 74. Ne4 Kh6 75. Kg4 1-0

[Event "November 21 Early 2023"]
[Site "https://www.chess.com"]
[Date "2023.11.21"]
[Round "1"]
[White "Shubenkova, Veronika"]
[Black "Terry, Renato"]
[Result "1-0"]
[Board "16"]
[TimeControl "180+1"]
[WhiteFideId "44124040"]
[BlackFideId "3803457"]
[WhiteElo "1967"]
[BlackElo "2572"]
[WhiteTeam "RUS"]
[BlackTeam "PER"]
[WhiteClock "0:00:30"]
[BlackClock "0:00:20"]

1. e4 e6 2. d4 d5 3. exd5 exd5 4. Nf3 Nc6 5. c3 Bd6 6. Bd3 Bg4 7. O-O Nge7 8. Nbd2 Qd7 9. Qc2 f6 10. Re1 O-O-O 11. b4 Bf5 12. a4 Bxd3 13. Qxd3 Qf5 14. Qf1 g5 15. a5 Ng6 16. b5 Nce7 17. Nb3 g4 18. Nfd2 h5 19. b6 a6 20. bxc7 Bxc7 21. Ba3 Nc6 22. Nc5 Qf4 23. g3 Qxd2 24. Nxb7 Nb8 25. Nxd8 h4 26. Nf7 Rh7 27. Nd6+ Kd7 28. Re2 Qh6 29. Qb1 Ne7 30. Rxe7+ Rxe7 31. Nf5 Qd2 32. Nxe7 hxg3 33. Qf5+ Kd8 34. Qc8# 1-0

[Event "November 21 Early 2023"]
[Site "https://www.chess.com"]
[Date "2023.11.21"]
[Round "1"]
[White "Nguyen, Ngoc Truong Son"]
[Black "Silva Lucena, Cristian"]
[Result "1-0"]
[Board "17"]
[TimeControl "180+1"]
[WhiteFideId "12401110"]
[BlackFideId "2232588"]
[WhiteElo "2556"]
[BlackElo "2248"]
[WhiteTeam "VIE"]
[BlackTeam "ESP"]
[WhiteClock "0:00:05"]
[BlackClock "0:00:01"]

1. e4 c5 2. Nf3 d6 3. d4 cxd4 4. Nxd4 Nf6 5. Nc3 a6 6. h3 e5 7. Nb3 h5 8. Bg5 Be6 9. Qd2 Nbd7 10. g3 Be7 11. f4 Rc8 12. Bg2 Qc7 13. O-O b5 14. a3 Nb6 15. f5 Bc4 16. Rf2 Nbd7 17. Rd1 a5 18. Bf1 b4 19. axb4 axb4 20. Nd5 Bxd5 21. Bxf6 Nxf6 22. exd5 Ne4 23. Qxb4 Nxf2 24. Kxf2 Qxc2+ 25. Rd2 Qxf5+ 26. Kg2 O-O 27. Bd3 Qg5 28. Na5 h4 29. g4 Rb8 30. Qc3 Qf4 31. Nc6 Qg3+ 32. Kf1 Qxh3+ 33. Rg2 Qf3+ 34. Kg1 Qe3+ 35. Kh1 Qg5 36. Kh2 h3 37. Rf2 Ra8 38. Rf5 Qh4 39. Qd2 g6 40. Rf3 Qg5 41. Qf2 Ra2 42. Bc4 Kg7 43. Bxa2 e4 44. Rxh3 Bf6 45. Bc4 e3 46. Qxe3 Qxe3 47. Rxe3 Bxb2 48. Kg3 Ra8 49. Rb3 Bf6 50. Be2 Ra2 51. Bf3 Rd2 52. Kf4 g5+ 53. Ke3 Rc2 54. Rb7 Rc3+ 55. Ke2 Rc2+ 56. Kd1 Rc3 57. Be4 Re3 58. Bf5 Rd3+ 59. Bxd3 1-0

[Event "November 21 Early 2023"]
[Site "https://www.chess.com"]
[Date "2023.11.21"]
[Round "1"]
[White "Nilsen, Tobias Lang"]
[Black "Galchenko, Matvey"]
[Result "0-1"]
[Board "18"]
[TimeControl "180+1"]
[WhiteFideId "1521624"]
[BlackFideId "24175480"]
[WhiteElo "2221"]
[BlackElo "2406"]
[WhiteTeam "NOR"]
[BlackTeam "FID"]
[WhiteClock "0:00:01"]
[BlackClock "0:00:27"]

1. e4 e6 2. d4 d5 3. Nc3 Bb4 4. e5 Ne7 5. a3 Bxc3+ 6. bxc3 c5 7. Qg4 cxd4 8. Bd3 Qa5 9. Rb1 Qxc3+ 10. Bd2 Qc7 11. Nf3 Nbc6 12. O-O Ng6 13. h4 O-O 14. Rfe1 f5 15. exf6 e5 16. Qg3 Rxf6 17. Bg5 Re6 18. h5 Nf8 19. h6 g6 20. Bf5 Re8 21. Bxc8 Raxc8 22. Rbd1 Re6 23. Qh3 Rce8 24. Qg3 Qd7 25. Bc1 Qd6 26. Ng5 Rf6 27. f4 e4 28. Bb2 Qxf4 29. Qxf4 Rxf4 30. Bxd4 Nxd4 31. Rxd4 Rf5 32. Nh3 Ne6 33. Rdd1 Rc8 34. Re2 Rc3 35. Rb1 b6 36. Rb3 Rxb3 37. cxb3 Nd4 38. Rb2 g5 39. Nf2 e3 40. Nd3 e2 41. Rb1 Nc2 42. Ne1 Rf1+ 0-1

[Event "November 21 Early 2023"]
[Site "https://www.chess.com"]
[Date "2023.11.21"]
[Round "1"]
[White "Le, Tuan Minh"]
[Black "Kovacsy, Barnabas"]
[Result "1-0"]
[Board "19"]
[TimeControl "180+1"]
[WhiteFideId "12401153"]
[BlackFideId "769290"]
[WhiteElo "2561"]
[BlackElo "2130"]
[WhiteTeam "VIE"]
[BlackTeam "HUN"]
[WhiteClock "0:01:07"]
[BlackClock "0:01:01"]

1. d4 Nf6 2. Nf3 g6 3. Bg5 Bg7 4. Nbd2 O-O 5. c3 d6 6. e4 Nbd7 7. Bc4 e5 8. O-O c6 9. Re1 Qc7 10. a4 b6 11. Nf1 Bb7 12. Ng3 Rae8 13. Bb3 a5 14. h3 h6 15. Bd2 Kh7 16. Qc2 Re7 17. Rad1 d5 18. exd5 cxd5 19. dxe5 Nxe5 20. Nxe5 Rxe5 21. Rxe5 Qxe5 22. Be3 Ne4 23. Nxe4 dxe4 24. Bxb6 f5 25. Rd7 Bc6 26. Ra7 f4 27. Bd4 Qxd4 28. cxd4 e3 29. Qxc6 exf2+ 30. Kf1 1-0

[Event "November 21 Early 2023"]
[Site "https://www.chess.com"]
[Date "2023.11.21"]
[Round "1"]
[White "Eugene, Floryan"]
[Black "Daneshvar, Bardiya"]
[Result "0-1"]
[Board "20"]
[TimeControl "180+1"]
[WhiteFideId "20694784"]
[BlackFideId "12576468"]
[WhiteElo "2369"]
[BlackElo "2483"]
[WhiteTeam "FRA"]
[BlackTeam "IRI"]
[WhiteClock "0:00:15"]
[BlackClock "0:01:04"]

1. d4 Nf6 2. c4 c5 3. d5 b5 4. cxb5 a6 5. bxa6 g6 6. Nc3 Bg7 7. g3 d6 8. Bg2 Nxa6 9. Nf3 O-O 10. O-O Bf5 11. Nd2 Nb4 12. e4 Bc8 13. a3 Nd3 14. Nc4 Nxc1 15. Rxc1 Ba6 16. Ne2 Nd7 17. Qd2 Nb6 18. Nxb6 Qxb6 19. Rc2 Rfb8 20. Rd1 Bb5 21. Nc3 Bc4 22. Re1 Qa5 23. Bf1 Bxf1 24. Kxf1 Rxb2 25. Rxb2 Bxc3 26. Qc2 Bxe1 0-1

[Event "November 21 Early 2023"]
[Site "https://www.chess.com"]
[Date "2023.11.21"]
[Round "1"]
[White "Liang, Awonder"]
[Black "Grochal, Joey"]
[Result "1-0"]
[Board "21"]
[TimeControl "180+1"]
[WhiteFideId "2056437"]
[BlackFideId "1019945"]
[WhiteElo "2527"]
[BlackElo "2231"]
[WhiteTeam "USA"]
[BlackTeam "NED"]
[WhiteClock "0:02:07"]
[BlackClock "0:00:12"]

1. Nf3 Nf6 2. e3 d5 3. b3 Bf5 4. Bb2 e6 5. Be2 h6 6. d3 Be7 7. Nbd2 Bh7 8. h3 O-O 9. g4 Nfd7 10. h4 Bf6 11. d4 c5 12. g5 hxg5 13. hxg5 Bxg5 14. Bd3 Bxd3 15. cxd3 Bf6 16. Ne5 g6 17. Qg4 Kg7 18. O-O-O Nxe5 19. dxe5 Be7 20. f4 Rh8 21. e4 Nc6 22. f5 Nd4 23. Nf3 Rc8 24. Nxd4 cxd4+ 25. Kb1 Rh4 26. f6+ Bxf6 27. exf6+ Qxf6 28. Qxh4 Qxh4 29. Rxh4 e5 30. exd5 Rd8 31. Re1 Rxd5 32. Rxe5 1-0

[Event "November 21 Early 2023"]
[Site "https://www.chess.com"]
[Date "2023.11.21"]
[Round "1"]
[White "Slade, Theodore"]
[Black "Pranesh M"]
[Result "0-1"]
[Board "22"]
[TimeControl "180+1"]
[WhiteFideId "426547"]
[BlackFideId "35028600"]
[WhiteElo "1964"]
[BlackElo "2481"]
[WhiteTeam "ENG"]
[BlackTeam "IND"]
[WhiteClock "0:00:00"]
[BlackClock "0:01:06"]

1. d4 d5 2. c4 e6 3. Nf3 Nf6 4. g3 Be7 5. Bg2 O-O 6. O-O dxc4 7. Qc2 a6 8. a4 Bd7 9. Qxc4 Bc6 10. Bf4 Nbd7 11. Nc3 Bd6 12. Bg5 h6 13. Bxf6 Nxf6 14. a5 Qe7 15. Rfe1 Ne4 16. Qd3 f5 17. Nd2 Nxd2 18. Qxd2 Bxg2 19. Kxg2 Rad8 20. e4 f4 21. f3 e5 22. Nd5 Qe6 23. gxf4 exd4 24. Qxd4 c6 25. f5 Qf7 26. Ne3 Bg3 27. Qc3 Bxe1 28. Rxe1 Qh5 29. Ng4 Qg5 30. Kh1 Qd2 31. Nxh6+ Qxh6 32. Rg1 Rd2 33. Rg2 Rxg2 34. Kxg2 Rd8 35. Qc4+ Kh8 0-1

[Event "November 21 Early 2023"]
[Site "https://www.chess.com"]
[Date "2023.11.21"]
[Round "1"]
[White "Bharath Subramaniyam H"]
[Black "Toktomushev, Teimur"]
[Result "1-0"]
[Board "23"]
[TimeControl "180+1"]
[WhiteFideId "46634827"]
[BlackFideId "14176726"]
[WhiteElo "2435"]
[BlackElo "2198"]
[WhiteTeam "IND"]
[BlackTeam "UKR"]
[WhiteClock "0:01:47"]
[BlackClock "0:00:00"]

1. e4 c5 2. Nf3 e6 3. d4 cxd4 4. Nxd4 a6 5. c4 Nf6 6. Nc3 Qc7 7. a3 b6 8. Be2 Bb7 9. f3 Be7 10. Be3 O-O 11. Rc1 d6 12. O-O Nbd7 13. Qd2 Rac8 14. b4 Qb8 15. Rfd1 Ba8 16. Nb3 Rc6 17. Kh1 Rfc8 18. Na4 b5 19. cxb5 Rxc1 20. Rxc1 Rxc1+ 21. Qxc1 axb5 22. Nc3 d5 23. exd5 Nxd5 24. Nxd5 Bxd5 25. Nd4 Bd6 26. Bxb5 Ne5 27. Bg1 h5 28. Be2 h4 29. h3 Ng6 30. b5 Nf4 31. Bf1 Nh5 32. Bf2 Bg3 33. Qe3 Bxf2 34. Qxf2 Ng3+ 35. Kg1 Qa7 36. Ne2 Qxf2+ 37. Kxf2 Nxf1 38. Kxf1 Kf8 39. Nc3 Bc4+ 40. Kf2 Ke7 41. a4 Kd6 42. b6 Kc6 43. a5 Kb7 44. Ne4 Ka6 45. Nc5+ Kb5 46. b7 Kxc5 47. b8=Q 1-0

[Event "November 21 Early 2023"]
[Site "https://www.chess.com"]
[Date "2023.11.21"]
[Round "1"]
[White "Ismayil, Malak"]
[Black "Gholami Orimi, Mahdi"]
[Result "0-1"]
[Board "24"]
[TimeControl "180+1"]
[WhiteFideId "13412604"]
[BlackFideId "12558486"]
[WhiteElo "1898"]
[BlackElo "2331"]
[WhiteTeam "AZE"]
[BlackTeam "IRI"]
[WhiteClock "0:00:00"]
[BlackClock "0:00:57"]

1. e4 c5 2. Nf3 d6 3. Bb5+ Bd7 4. Bxd7+ Nxd7 5. O-O Ngf6 6. Re1 e6 7. d4 Be7 8. c4 cxd4 9. Nxd4 O-O 10. Nc3 Qa5 11. Bd2 Qc5 12. Be3 Qxc4 13. Rc1 Qc8 14. Ndb5 Qb8 15. Bf4 Ne5 16. Bg3 a6 17. Nd4 Rd8 18. f4 Nc6 19. Nb3 b5 20. f5 Ne5 21. Nd4 Qa7 22. Kh1 Qd7 23. Qb3 exf5 24. Nxf5 Nd3 25. Rcd1 Nxe1 26. Rxe1 Re8 27. Nd4 Bf8 28. Bh4 Ng4 29. Nd5 Re5 30. h3 Nh6 31. Qg3 Kh8 32. Nf6 Qd8 33. Nxh7 Be7 34. Ng5 Bxg5 0-1

[Event "November 21 Early 2023"]
[Site "https://www.chess.com"]
[Date "2023.11.21"]
[Round "1"]
[White "Van Foreest, Jorden"]
[Black "Rietze, Clemens, Dr."]
[Result "1-0"]
[Board "25"]
[TimeControl "180+1"]
[WhiteFideId "1039784"]
[BlackFideId "24620351"]
[WhiteElo "2664"]
[BlackElo "2288"]
[WhiteTeam "NED"]
[BlackTeam "GER"]
[WhiteClock "0:02:38"]
[BlackClock "0:00:57"]

1. b3 Nf6 2. Bb2 g6 3. Nf3 Bg7 4. g3 O-O 5. Bg2 d6 6. O-O e5 7. d3 a5 8. a3 Re8 9. c4 Nc6 10. Nc3 Nd7 11. e3 f5 12. Nd2 Nc5 13. Qc2 Kh8 14. Nd5 Ne7 15. f4 c6 16. Nc3 Ng8 17. b4 Nd7 18. b5 Qc7 19. bxc6 bxc6 20. Nb5 cxb5 21. Bxa8 Ba6 22. Bg2 Rc8 23. Rac1 bxc4 24. Nxc4 Qa7 25. Qf2 Bxc4 26. Rxc4 Rxc4 27. dxc4 Nc5 28. Rd1 e4 29. Bxg7+ Kxg7 30. Qb2+ Kh6 31. Qd4 Qb7 32. h3 Nd3 33. Rxd3 1-0